 Dungeon Crawl Stone Soup version 0.28-a0-872-g80cf8599ee (webtiles) character file.

Game seed: 17553135235628318277

47 AttackTheMoon the Chopper (level 3, -9/20 HPs)
             Began as a Vine Stalker Berserker on Nov 20, 2021.
             Was a Follower of Trog.
             Mangled by Sigmund (12 damage)
             ... on level 2 of the Dungeon.
             The game lasted 00:01:13 (1678 turns).

AttackTheMoon the Chopper (Vine Stalker Berserker)  Turns: 1678, Time: 00:01:14

Health: -9/20      AC:  3    Str: 19    XL:     3   Next: 70%
Magic:  0/4        EV: 12    Int:  7    God:    Trog [*.....]
Gold:   20         SH:  0    Dex: 14    Spells: 2/2 levels left

rFire   . . .      SeeInvis .   k - +0 battleaxe
rCold   . . .      Faith    .   (shield currently unavailable)
rNeg    . . .      Spirit   +   b - +0 animal skin
rPois   .          Reflect  .   (no helmet)
rElec   .          Harm     .   (no cloak)
rCorr   .          Rampage  .   (no gloves)
Will    .....                   i - +0 pair of boots
Stlth   +.........              (no amulet)
HPRegen 0.06/turn               (no ring)
MPRegen 0.09/turn               (no ring)

@: on berserk cooldown, flying, slowed, very slow
A: fangs 2, magic shield, antimagic bite, no potion heal 2
a: Renounce Religion, Berserk


You were on level 2 of the Dungeon.
You worshipped Trog.
Trog was aware of your devotion.
You visited 1 branch of the dungeon, and saw 2 of its levels.

You collected 20 gold pieces.

Inventory:

Hand Weapons
 a - a +0 hand axe
 h - a +1 long sword of holy wrath
 k - a +0 battleaxe (weapon)
Armour
 b - a +0 animal skin (worn)
 i - a +0 pair of boots (worn)
Scrolls
 c - a scroll of magic mapping {unknown}
 d - a scroll of noise {unknown}
 e - a scroll of teleportation {unknown}
 f - a scroll of identify {unknown}
 g - a scroll of amnesia {unknown}
Potions
 l - a potion of curing


   Skills:
 + Level 3.1 Fighting
 + Level 3.1 Axes
 + Level 2.2 Armour
 - Level 1.8 Dodging


You had 2 spell levels left.
You didn't know any spells.
Your spell library was empty.

Dungeon Overview and Level Annotations

Branches:
Dungeon (2/15)

Altars:

Shops:
D:1 ?

Annotations:
D:2 Sigmund


Innate Abilities, Weirdness & Mutations

You have extremely sharp teeth.
When hurt, damage is shared between your health and your magic reserves.
Your bite disrupts and absorbs the magic of your enemies.
Potions cannot restore your health.


Message History

No target in view!
No target in view!
No target in view!
l - 2 silvery potions
Things that are here:
a +0 dagger; 23 stones; a kobold corpse Sigmund the Dreaded comes into view.
He is wielding a +0 scythe.
Sigmund is nearby!
A red film seems to cover your vision as you go berserk!
You feel yourself moving faster!
You feel mighty!
You feel a strong urge to attack something.
Sigmund misses you.
You feel your anger nearly subside.
You are no longer berserk.
You are exhausted.
You feel yourself slow down.
You barely miss Sigmund. Sigmund hits you with a +0 scythe!
Sigmund barely misses you.
You hit Sigmund. You bite Sigmund.
Sigmund's magic leaks into the air.
You drain his magic.
You feel invigorated.
Sigmund is moderately wounded.
Sigmund hits you with a +0 scythe!
You barely miss Sigmund. Your bite misses Sigmund.
Sigmund is moderately wounded.
Sigmund points at you and mumbles some strange words.
You are confused.
Sigmund closely misses you.
You closely miss Sigmund.
Sigmund is moderately wounded.
Sigmund gestures wildly while chanting.
Sigmund flickers and vanishes!
Deactivating autopickup; reactivate with Ctrl-A.
Something hits you.
It was a potion of curing.
Your system rejects the healing.
You feel better. Something hits you.
* * * LOW HITPOINT WARNING * * *
It was a potion of flight.
You feel very buoyant.
You fly up into the air.
Something hits you!
Ouch! That really hurt!
You die...

#.# #.# #. #.#
#.########.
##.#####..........
.........########
###.#####.###### #...##
#......# #.#.#.##
######.#### ..##.##.##.#
##.##..
.......@...#######...#.#
####.##{#.........###...
# #.#.#######.# #..#
...## #.###.## #.#
##)..## #.. ##### ##. .


There were no monsters in sight!

Vanquished Creatures
  2 adders (D:2)
  A dart slug (D:1)
  2 bats
  3 endoplasms
  3 giant cockroaches (D:1)
  A goblin (D:1)
  2 jackals (D:1)
  4 ball pythons (D:1)
  4 frilled lizards (D:1)
  3 kobolds
  A rat (D:1)
26 creatures vanquished.

Notes
Turn   | Place    | Note
-------+----------+-------------------------------------------
     0 | D:1      | AttackTheMoon the Vine Stalker Berserker began the quest
                  | for the Orb.
     0 | D:1      | Reached XP level 1. HP: 11/11 MP: 2/2
   190 | D:1      | Reached XP level 2. HP: 2/16 MP: 0/3
   475 | D:1      | Found Tuoloa's Magic Scroll Boutique.
  1096 | D:1      | Reached XP level 3. HP: 19/20 MP: 4/4
  1668 | D:2      | Noticed Sigmund
  1678 | D:2      | Mangled by Sigmund

Illustrated notes

Levels and vault maps discovered:
D:1:      noname_arrival_rooms_in_the_neighbourhood, layout_basic, serial_shops,
          shop, minmay_misc_feat_room, chequers_hall_statues_wall_a,
          glass_columns_a, minmay_worlds_worst_comb
D:2:      layout_loops_ring, uniq_sigmund, uniq_natasha, uniq_robin

Skill      XL: |  1  2 |
---------------+-------+-----
Axes           | 3 |  3.1
Armour         | 2 |  2.2
Fighting       | 3 |  3.1
Dodging        | |  1.8

Action                   || total
-------------------------++-------
Melee: Hand axe          ||    66
       Bite              ||    15
       Battleaxe         ||     5
Invok: Berserk           ||     3
  Use: Potion            ||     2
 Stab: Sleeping          ||     1
Armor: Animal skin       ||    20
Dodge: Dodged            ||    48

Table legend: (Time is in decaauts)
 A = Elapsed time spent in this place.
 B = Non-inter-level travel time spent in this place.
 C = Inter-level travel time spent in this place.
 D = Time resting spent in this place.
 E = Time spent auto-exploring this place.
 F = Levels seen in this place.
 G = Mean time per level.
                   A        B        C        D        E       F      G
               +--------+--------+--------+--------+--------+-----+--------+
         Total |   1717 |   1712 |      5 |    322 |   1196 |   2 |  858.5 |
       Dungeon |   1717 |   1712 |      5 |    322 |   1196 |   2 |  858.5 |
               +--------+--------+--------+--------+--------+-----+--------+

Top non-repeatable levels by time:
     D:1: 1221 daAuts
     D:2: 496 daAuts
